AoeStats
← Lynchburg

Arabia

510523868Analyzed
1v1 RM · 11h ago on Oct 1, 2026· 40m 24s· 2 players
Game mode
Random Map
Map size
Tiny (2 player)
Population
200
Speed
Normal
Resources
Standard
Victory
Conquest
Starting age
Dark Age
Ending age
Imperial Age
RankedLock teamsTeams togetherTeam positionsShared explorationLock speedFull tech treeHidden civsTurbo modeCheats
Victory
Defeat
🇦🇷 Berbers · Argentina
1016
+15
🇹🇷 Chinese · Türkiye
989
-15
Anotador
6:28 Loom
9:32 Feudal Age
10:28 Double-Bit Axe
12:02 Bloodlines
20:13 Castle Age
18:51 Gold Mining
19:05 Fletching
19:15 Padded Archer Armor
23:57 Wheelbarrow
24:15 Horse Collar
26:17 Ballistics
26:54 Husbandry
26:51 Bodkin Arrow
27:33 Stone Mining
27:48 Heavy Plow
33:47 Imperial Age
34:05 Hand Cart
33:58 Scale Barding Armor
34:09 Leather Archer Armor
34:03 Thumb Ring
34:43 Heavy Camel Rider
36:10 Crop Rotation
36:53 Forging
38:53 Heavy Cavalry Archer
Lynchburg
0:49 Loom
9:58 Feudal Age
12:22 Double-Bit Axe
21:19 Castle Age
19:37 Fletching
20:47 Gold Mining
20:50 Stone Mining
20:52 Horse Collar
22:48 Fletching
23:14 Forging
23:05 Padded Archer Armor
23:06 Scale Mail Armor
22:30 Crossbowman
23:54 Bow Saw
25:02 Pikeman
30:22 Ballistics
32:49 Elite Skirmisher
38:42 Imperial Age
36:51 Wheelbarrow
39:44 Bodkin Arrow
40:05 Leather Archer Armor
40:15 Conscription
41:17 Chemistry
40:54 Bloodlines
Connection lost

Rejoining the realm…

Still unreachable

The connection could not be restored.

Session expired

The server has moved on; the page needs a fresh start.